NCAA
NORTH CAROLINA TARHEELS @ RICE OWLS
03/15/2060
 
TOP OF THE 1ST
North Carolina Tarheels batting - Pitching for Rice Owls : LHP Gavin Coppinger
Pitching: LHP Gavin Coppinger
Batting: LHB Dave France 0-0: Fly out, F7 (Flyball, 7D, EV 103.1 MPH)
Batting: RHB Koby Thomas 0-0: Swinging Strike
0-1: Fly out, F7 (Flyball, 78M, EV 82.5 MPH)
Batting: RHB Jerome Lyons 0-0: Ball
1-0: Ball
2-0: SINGLE (Groundball, 6D, EV 105.0 MPH)
Batting: LHB Jeromy Cardenas 0-0: Fly out, F8 (Flyball, 8LXD, EV 103.1 MPH)
Top of the 1st over - 0 runs, 1 hit, 0 errors, 1 left on base; North Carolina 0 - Rice 0
BOTTOM OF THE 1ST
Rice Owls batting - Pitching for North Carolina Tarheels : RHP Iziah Walker
Pitching: RHP Iziah Walker
Batting: RHB Tanner Curley 0-0: Called Strike
0-1: Swinging Strike
0-2: SOLO HOME RUN (Flyball, 7LD, EV 95.0 MPH), Distance : 351 ft
Batting: LHB Keierre Volter 0-0: Ball
1-0: Ball
2-0: Swinging Strike
2-1: Ball
3-1: Swinging Strike
3-2: Foul Ball, location: 2F
3-2: SINGLE (Groundball, 4MD, EV 83.8 MPH) (infield hit)
Batting: LHB Isaac Rampone 0-0: Called Strike
0-1: SINGLE (Line Drive, 7S, EV 107.5 MPH)
Keierre Volter to second
Batting: LHB Phil Sauser 0-0: Ball
1-0: DOUBLE (Groundball, 5L, EV 93.8 MPH)
Keierre Volter scores
Isaac Rampone to third
Batting: RHB Caden Kent 0-0: Ball
1-0: Ball
2-0: Called Strike
2-1: Fly out, F7 (Line Drive, 7LM, EV 90.6 MPH)
Batting: SHB Dave Powell 0-0: Ball
1-0: Called Strike
1-1: Ball
2-1: Foul Ball, location: 2F
2-2: Ball
Wild Pitch!
Isaac Rampone scores
Phil Sauser to third
3-2: Ground out U3 (Groundball, 3, EV 101.2 MPH)
Batting: RHB Isaiah Cody 0-0: Fly out, F8 (Flyball, 8RD, EV 106.9 MPH)
Bottom of the 1st over - 3 runs, 4 hits, 0 errors, 1 left on base; North Carolina 0 - Rice 3
TOP OF THE 2ND
North Carolina Tarheels batting - Pitching for Rice Owls : LHP Gavin Coppinger
Batting: RHB Erik Peterson 0-0: Swinging Strike
0-1: Ball
1-1: Foul Ball, location: 2F
1-2: Strikes out swinging
Batting: RHB Timothy Williams 0-0: SOLO HOME RUN (Flyball, 7D, EV 96.2 MPH), Distance : 377 ft
Batting: RHB Ricky Vance 0-0: Ball
1-0: DOUBLE (Line Drive, 7LS, EV 103.8 MPH)
Batting: RHB Lance Fearing 0-0: Called Strike
0-1: Ball
1-1: Swinging Strike
1-2: Ground out 6-3 (Groundball, 6, EV 86.2 MPH)
Batting: RHB E.T. Daniels 0-0: Ball
1-0: Called Strike
1-1: Ball
2-1: Swinging Strike
2-2: Fly out, F9 (Flyball, 89S, EV 91.9 MPH)
Top of the 2nd over - 1 run, 2 hits, 0 errors, 1 left on base; North Carolina 1 - Rice 3
BOTTOM OF THE 2ND
Rice Owls batting - Pitching for North Carolina Tarheels : RHP Iziah Walker
Batting: RHB Lance Hinson 0-0: Ball
1-0: SINGLE (Groundball, 4MS, EV 68.8 MPH) (infield hit)
Batting: RHB Jesse Mitchell 0-0: Foul Ball, location: 2F
0-1: Grounds into double play, 4-6-3 (Groundball, 4, EV 90.6 MPH)
Batting: RHB Tanner Curley 0-0: Foul Ball, location: 2F
0-1: Ball
1-1: Fly out, F4 (Popup, 4M, EV 75.6 MPH)
Bottom of the 2nd over - 0 runs, 1 hit, 0 errors, 0 left on base; North Carolina 1 - Rice 3
TOP OF THE 3RD
North Carolina Tarheels batting - Pitching for Rice Owls : LHP Gavin Coppinger
Batting: LHB Dave France 0-0: Called Strike
0-1: Swinging Strike
0-2: Foul Ball, location: 2F
0-2: Ball
1-2: Ball
2-2: Foul Ball, location: 2F
2-2: Ball
3-2: Base on Balls
Batting: RHB Koby Thomas 0-0: Called Strike
0-1: Swinging Strike
0-2: Fly out, F2 (Popup, 2LF, EV 93.1 MPH)
Batting: RHB Jerome Lyons 0-0: Foul Ball, location: 2F
0-1: Foul Ball, location: 2F
0-2: Ball
1-2: Fielders Choice at 2nd, 6-4 (Groundball, 6, EV 89.4 MPH)
Batting: LHB Jeromy Cardenas 0-0: Foul Ball, location: 2F
0-1: Foul Ball, location: 2F
0-2: Ground out 4-3 (Groundball, 4, EV 100.0 MPH)
Top of the 3rd over - 0 runs, 0 hits, 0 errors, 1 left on base; North Carolina 1 - Rice 3
BOTTOM OF THE 3RD
Rice Owls batting - Pitching for North Carolina Tarheels : RHP Iziah Walker
Batting: LHB Keierre Volter 0-0: Ball
1-0: Ball
2-0: Called Strike
2-1: Foul Ball, location: 2F
2-2: Foul Ball, location: 2F
2-2: Ball
3-2: SINGLE (Groundball, 6MD, EV 105.6 MPH)
DELAY Rain delay of 35 minutes in the 3rd inning.
Batting: LHB Isaac Rampone 0-0: Ball
1-0: Called Strike
1-1: Foul Ball, location: 2F
1-2: Ball
2-2: Fly out, F9 (Line Drive, 9, EV 91.9 MPH)
Batting: LHB Phil Sauser 0-0: Ball
1-0: Ball
Wild Pitch!
Keierre Volter to second
2-0: Ball
3-0: Called Strike
3-1: Base on Balls
Batting: RHB Caden Kent 0-0: Ball
1-0: Ball
2-0: Ball
3-0: Base on Balls
Keierre Volter to third
Phil Sauser to second
Batting: SHB Dave Powell 0-0: Called Strike
0-1: Foul Ball, location: 2F
0-2: Ball
1-2: Ball
2-2: Foul Ball, location: 2F
2-2: Foul Ball, location: 2F
2-2: SINGLE (Groundball, 4M, EV 103.8 MPH) (infield hit)
Keierre Volter scores
Phil Sauser to third
Caden Kent to second
Batting: RHB Isaiah Cody 0-0: Called Strike
0-1: Fly out, F8 (Flyball, 8RM, EV 95.0 MPH)
Batting: RHB Lance Hinson 0-0: Called Strike
0-1: SINGLE (Line Drive, 7LS, EV 89.4 MPH)
Phil Sauser scores
Caden Kent to third
Dave Powell to second
Runner from 3rd tries for Home, SAFE, throw by LF to home
Pitching: RHP Joshua Bradley
Batting: RHB Jesse Mitchell 0-0: Called Strike
0-1: Swinging Strike
0-2: Strikes out swinging
Bottom of the 3rd over - 3 runs, 3 hits, 0 errors, 2 left on base; North Carolina 1 - Rice 6
TOP OF THE 4TH
North Carolina Tarheels batting - Pitching for Rice Owls : LHP Gavin Coppinger
Batting: RHB Erik Peterson 0-0: Ball
1-0: Fly out, F8 (Flyball, 8RD, EV 106.2 MPH)
Batting: RHB Timothy Williams 0-0: Ball
1-0: Ball
2-0: Fly out, F8 (Flyball, 8LS, EV 74.4 MPH)
Batting: RHB Ricky Vance 0-0: Ball
1-0: Ball
2-0: Ground out 4-3 (Groundball, 34D, EV 96.2 MPH)
Top of the 4th over - 0 runs, 0 hits, 0 errors, 0 left on base; North Carolina 1 - Rice 6
BOTTOM OF THE 4TH
Rice Owls batting - Pitching for North Carolina Tarheels : RHP Joshua Bradley
Batting: RHB Tanner Curley 0-0: Ball
1-0: SINGLE (Flyball, 9LS, EV 96.9 MPH)
Batting: LHB Keierre Volter 0-0: Foul Ball, location: 2F
0-1: Ball
1-1: Foul Ball, location: 2F
1-2: Foul Ball, location: 2F
1-2: Reached on error, E5 (Groundball, 5L, EV 80.0 MPH)
Tanner Curley to second
Batting: LHB Isaac Rampone 0-0: Ball
1-0: Ball
2-0: Called Strike
Tanner Curley is caught stealing 3rd base 2-5
2-1: Fly out, F8 (Flyball, 78D, EV 98.1 MPH)
Batting: LHB Phil Sauser 0-0: Ball
1-0: Ball
2-0: Ball
3-0: Called Strike
3-1: Foul Ball, location: 2F
3-2: Fly out, F5 (Flyball, 5D, EV 96.2 MPH)
Bottom of the 4th over - 0 runs, 1 hit, 1 error, 1 left on base; North Carolina 1 - Rice 6
TOP OF THE 5TH
North Carolina Tarheels batting - Pitching for Rice Owls : LHP Gavin Coppinger
Batting: RHB Lance Fearing 0-0: Called Strike
0-1: Ball
1-1: Ball
2-1: Foul Ball, location: 2F
2-2: Ground out 1-3 (Groundball, 13S, EV 66.2 MPH)
Batting: RHB E.T. Daniels 0-0: Called Strike
0-1: Ball
1-1: DOUBLE (Line Drive, 9LM, EV 93.8 MPH)
Batting: LHB Dave France 0-0: Called Strike
0-1: Called Strike
0-2: Ball
1-2: Strikes out swinging
Batting: RHB Koby Thomas 0-0: Ball
1-0: Called Strike
1-1: Fly out, F8 (Flyball, 8LD, EV 91.9 MPH)
Top of the 5th over - 0 runs, 1 hit, 0 errors, 1 left on base; North Carolina 1 - Rice 6
BOTTOM OF THE 5TH
Rice Owls batting - Pitching for North Carolina Tarheels : RHP Joshua Bradley
Batting: RHB Caden Kent 0-0: Ball
1-0: Ball
2-0: Foul Ball, location: 2F
2-1: Ball
3-1: Base on Balls
Batting: SHB Dave Powell 0-0: Swinging Strike
0-1: Ball
1-1: Called Strike
1-2: Strikes out swinging
Batting: RHB Isaiah Cody 0-0: Foul Ball, location: 2F
0-1: Ball
1-1: Ball
2-1: Ball
3-1: Foul Ball, location: 2F
3-2: Foul Ball, location: 2F
3-2: SINGLE (Groundball, 4MD, EV 105.0 MPH)
Caden Kent to second
Runner from 2nd tries for 3rd, OUT! 8-5
Isaiah Cody to second
Batting: RHB Lance Hinson 0-0: Called Strike
0-1: Ball
1-1: Ground out 4-3 (Groundball, 4, EV 87.5 MPH)
Bottom of the 5th over - 0 runs, 1 hit, 0 errors, 1 left on base; North Carolina 1 - Rice 6
TOP OF THE 6TH
North Carolina Tarheels batting - Pitching for Rice Owls : LHP Gavin Coppinger
Batting: RHB Jerome Lyons 0-0: Ball
1-0: Swinging Strike
1-1: Swinging Strike
1-2: Ball
2-2: SINGLE (Groundball, 6MD, EV 101.2 MPH)
Batting: LHB Jeromy Cardenas 0-0: Ball
1-0: SINGLE (Flyball, 89S, EV 90.6 MPH)
Jerome Lyons to second
Runner from 2nd tries for 3rd, SAFE, throw by RF made to third
Batting: RHB Erik Peterson 0-0: Foul Ball, location: 2F
0-1: Called Strike
0-2: Ball
1-2: Strikes out looking
Batting: RHB Timothy Williams 0-0: Called Strike
0-1: SINGLE (Groundball, 6MD, EV 102.5 MPH)
Jerome Lyons scores
Jeromy Cardenas to second
Batting: RHB Ricky Vance 0-0: Called Strike
0-1: Foul Ball, location: 2F
0-2: Ball
1-2: Ball
2-2: SINGLE (Groundball, 3D, EV 95.6 MPH)
Jeromy Cardenas to third
Timothy Williams to second
Batting: RHB Lance Fearing 0-0: Foul Ball, location: 2F
0-1: Ball
1-1: Swinging Strike
1-2: Foul Ball, location: 2F
1-2: Ball
2-2: Strikes out swinging
Pitching: RHP Bob Howard
Batting: RHB E.T. Daniels 0-0: Ball
1-0: Called Strike
1-1: Ball
2-1: Foul Ball, location: 2F
2-2: Ball
3-2: Strikes out swinging
Top of the 6th over - 1 run, 4 hits, 0 errors, 3 left on base; North Carolina 2 - Rice 6
BOTTOM OF THE 6TH
Rice Owls batting - Pitching for North Carolina Tarheels : RHP Joshua Bradley
Batting: RHB Jesse Mitchell 0-0: Called Strike
0-1: Ball
1-1: Ball
2-1: Ground out 6-3 (Groundball, 6, EV 85.6 MPH)
Batting: RHB Tanner Curley 0-0: Foul Ball, location: 2F
0-1: Foul Ball, location: 2F
0-2: Foul Ball, location: 2F
0-2: Fly out, F9 (Flyball, 9S, EV 87.5 MPH)
Batting: LHB Keierre Volter 0-0: Called Strike
0-1: Foul Ball, location: 2F
0-2: Fly out, F9 (Line Drive, 9LM, EV 95.0 MPH)
Bottom of the 6th over - 0 runs, 0 hits, 0 errors, 0 left on base; North Carolina 2 - Rice 6
TOP OF THE 7TH
North Carolina Tarheels batting - Pitching for Rice Owls : RHP Bob Howard
Batting: LHB Dave France 0-0: Called Strike
0-1: Ball
1-1: Ground out 4-3 (Groundball, 4, EV 83.8 MPH)
Batting: RHB Koby Thomas 0-0: Called Strike
0-1: Foul Ball, location: 2F
0-2: Ball
1-2: Ball
2-2: Ball
3-2: Base on Balls
Batting: RHB Jerome Lyons 0-0: Ball
1-0: Foul Ball, location: 2F
1-1: Called Strike
1-2: Ball
2-2: Strikes out swinging
Batting: LHB Jeromy Cardenas 0-0: Fielders Choice at 2nd, 5-4 (Groundball, 56, EV 85.0 MPH)
Top of the 7th over - 0 runs, 0 hits, 0 errors, 1 left on base; North Carolina 2 - Rice 6
BOTTOM OF THE 7TH
Rice Owls batting - Pitching for North Carolina Tarheels : RHP Joshua Bradley
Batting: LHB Isaac Rampone 0-0: Fly out, F7 (Flyball, 78M, EV 86.9 MPH)
Batting: LHB Phil Sauser 0-0: Foul Ball, location: 2F
0-1: SINGLE (Line Drive, 3D, EV 102.5 MPH)
Batting: RHB Caden Kent 0-0: Foul Ball, location: 2F
0-1: Fly out, F7 (Flyball, 7LM, EV 86.9 MPH)
Batting: SHB Dave Powell 0-0: Swinging Strike
0-1: Ball
1-1: Ball
2-1: SINGLE (Groundball, 4MD, EV 101.2 MPH)
Phil Sauser to second
Pitching: RHP Bryce Barnett
Batting: RHB Isaiah Cody 0-0: Ball
1-0: Ball
2-0: Called Strike
2-1: Fly out, F8 (Flyball, 8RD, EV 94.4 MPH)
Bottom of the 7th over - 0 runs, 2 hits, 0 errors, 2 left on base; North Carolina 2 - Rice 6
TOP OF THE 8TH
North Carolina Tarheels batting - Pitching for Rice Owls : RHP Bob Howard
Batting: RHB Erik Peterson 0-0: Ball
1-0: Ball
2-0: Ball
3-0: Base on Balls
Batting: RHB Timothy Williams 0-0: Ball
1-0: Ball
2-0: Ball
3-0: Base on Balls
Erik Peterson to second
Batting: RHB Ricky Vance 0-0: Foul Ball, location: 2F
0-1: Foul Ball, location: 2F
0-2: Ball
1-2: Strikes out looking
Batting: RHB Lance Fearing 0-0: Ball
1-0: Foul Ball, location: 2F
1-1: Called Strike
1-2: Fly out, F8 (Flyball, 8RD, EV 98.8 MPH)
Pinch Hitting: RHB Kenny Tirpak 0-0: Foul Ball, location: 2F
0-1: Ball
1-1: Ball
2-1: Foul Ball, location: 2F
2-2: Strikes out swinging
Top of the 8th over - 0 runs, 0 hits, 0 errors, 2 left on base; North Carolina 2 - Rice 6
BOTTOM OF THE 8TH
Rice Owls batting - Pitching for North Carolina Tarheels : RHP Bryce Barnett
Now at 2B: Chase Adams
Batting: RHB Lance Hinson 0-0: Reached on error, E3 (Groundball, 3, EV 79.4 MPH)
Batting: RHB Jesse Mitchell 0-0: Bunt missed!
0-1: Bunted foul
0-2: SINGLE (Groundball, 5S, EV 75.0 MPH) (infield hit)
Lance Hinson to second
Batting: RHB Tanner Curley 0-0: Sac Bunt to 15 - play at first, batter OUT! 1-3
Lance Hinson to third
Jesse Mitchell to second
Batting: LHB Keierre Volter 0-0: Called Strike
0-1: Foul Ball, location: 2F
0-2: Ball
1-2: Ball
2-2: Foul Ball, location: 2F
2-2: Fly out, F9 (Flyball, 89M, EV 91.9 MPH)
Runner from 3rd tags up, OUT at HOME! 9-2
Bottom of the 8th over - 0 runs, 1 hit, 1 error, 1 left on base; North Carolina 2 - Rice 6
TOP OF THE 9TH
North Carolina Tarheels batting - Pitching for Rice Owls : RHP Bob Howard
Batting: LHB Dave France 0-0: Ground out 5-3 (Groundball, 56, EV 100.6 MPH)
Batting: RHB Koby Thomas 0-0: Swinging Strike
0-1: Ball
1-1: Ball
2-1: Called Strike
2-2: Foul Ball, location: 2F
2-2: Ball
3-2: Foul Ball, location: 2F
3-2: Strikes out swinging
Batting: RHB Jerome Lyons 0-0: Called Strike
0-1: Ball
1-1: Foul Ball, location: 2F
1-2: Ball
2-2: Foul Ball, location: 2F
2-2: Strikes out looking
Top of the 9th over - 0 runs, 0 hits, 0 errors, 0 left on base; North Carolina 2 - Rice 6
Wednesday, April 17th , 2024 - OOTP Baseball 23.10 Build 110